3AAA
ELLENBURG FIGHTING DACHSUNDS @ ATHLETIC CLUB KC RESERVES
08/29/2039
 
TOP OF THE 1ST
Ellenburg Fighting Dachsunds batting - Pitching for Athletic Club KC Reserves : RHP Jorge Moreno
Pitching: RHP Jorge Moreno
Batting: LHB Tony Worley 0-0: Foul Ball, location: 2F
0-1: Ball
1-1: Ball
2-1: Called Strike
2-2: Foul Ball, location: 2F
2-2: Reached on error, E3 (Groundball, 34, EV 91.9 MPH)
Batting: RHB Jorge Japón 0-0: Ball
1-0: Fly out, F9 (Flyball, 9, EV 90.6 MPH)
Batting: LHB Louie Shufflebotham 0-0: Foul Ball, location: 2F
0-1: Ball
1-1: Fly out, F8 (Flyball, 89M, EV 81.9 MPH)
Batting: RHB Dean Bush 0-0: Ball
Tony Worley steals 2nd base
1-0: Called Strike
1-1: Swinging Strike
1-2: Ball
2-2: Foul Ball, location: 2F
2-2: Strikes out swinging
Top of the 1st over - 0 runs, 0 hits, 1 error, 1 left on base; Ellenburg 0 - Athletic Club KC 0
BOTTOM OF THE 1ST
Athletic Club KC Reserves batting - Pitching for Ellenburg Fighting Dachsunds : RHP Shihab bin Salim
Pitching: RHP Shihab bin Salim
Batting: RHB Lopahin Davletyarov 0-0: Fly out, F8 (Line Drive, 8RD, EV 89.4 MPH)
Batting: LHB Héctor Galló 0-0: Ball
1-0: Called Strike
1-1: Called Strike
1-2: Ball
2-2: Foul Ball, location: 2F
2-2: Foul Ball, location: 2F
2-2: Foul Ball, location: 2F
2-2: Ball
3-2: SOLO HOME RUN (Flyball, 9D, EV 90.0 MPH), Distance : 355 ft
Batting: RHB Yehonatan Chazan 0-0: Ball
1-0: Called Strike
1-1: Foul Ball, location: 2F
1-2: Ball
2-2: Ball
3-2: Fly out, F9 (Flyball, 9LS, EV 91.2 MPH)
Batting: RHB Andy Roarick 0-0: Called Strike
0-1: Ground out 6-3 (Groundball, 6S, EV 90.6 MPH)
Bottom of the 1st over - 1 run, 1 hit, 0 errors, 0 left on base; Ellenburg 0 - Athletic Club KC 1
TOP OF THE 2ND
Ellenburg Fighting Dachsunds batting - Pitching for Athletic Club KC Reserves : RHP Jorge Moreno
Batting: SHB Theron Montecalvo 0-0: Ground out U3 (Groundball, 34, EV 82.5 MPH)
Batting: LHB Leslie Small 0-0: Called Strike
0-1: Foul Ball, location: 2F
0-2: Ground out U3 (Groundball, 34, EV 106.2 MPH)
Batting: RHB Leonard Hammond 0-0: Ball
1-0: Ball
2-0: Ground out 5-3 (Groundball, 56S, EV 88.1 MPH)
Top of the 2nd over - 0 runs, 0 hits, 0 errors, 0 left on base; Ellenburg 0 - Athletic Club KC 1
BOTTOM OF THE 2ND
Athletic Club KC Reserves batting - Pitching for Ellenburg Fighting Dachsunds : RHP Shihab bin Salim
Batting: RHB Carlos Rojas 0-0: Ball
1-0: Ball
2-0: Ball
3-0: Base on Balls
Batting: LHB Kwang-chih Feng 0-0: Called Strike
0-1: Foul Ball, location: 2F
0-2: Ball
Carlos Rojas steals 2nd base
1-2: Foul Ball, location: 2F
1-2: SINGLE (Line Drive, 6MD, EV 98.8 MPH)
Carlos Rojas to third
Runner from 3rd tries for Home, SAFE, throw by CF to home
Batting: RHB David Martínez 0-0: Hit by Pitch
Kwang-chih Feng to second
Batting: RHB Rodrigo Sousa 0-0: Ball
1-0: Foul Ball, location: 2F
1-1: Grounds into double play, 6-4-3 (Groundball, 6M, EV 87.5 MPH)
Kwang-chih Feng to third
Batting: RHB Shou-xin Quian 0-0: Called Strike
0-1: Ball
1-1: Ball
2-1: Ground out 5-3 (Groundball, 56S, EV 90.0 MPH)
Bottom of the 2nd over - 1 run, 1 hit, 0 errors, 1 left on base; Ellenburg 0 - Athletic Club KC 2
TOP OF THE 3RD
Ellenburg Fighting Dachsunds batting - Pitching for Athletic Club KC Reserves : RHP Jorge Moreno
Now in LF: Gabriel Martínez
Batting: LHB Lowell Evans 0-0: Called Strike
0-1: Called Strike
0-2: Ball
1-2: Strikes out swinging
Batting: LHB Bill O'Halloran 0-0: Ball
1-0: Foul Ball, location: 2F
1-1: Foul Ball, location: 2F
1-2: Foul Ball, location: 2F
1-2: Strikes out looking
Batting: LHB Tony Worley 0-0: Foul Ball, location: 2F
0-1: Ball
1-1: Swinging Strike
1-2: Ball
2-2: Strikes out swinging
Top of the 3rd over - 0 runs, 0 hits, 0 errors, 0 left on base; Ellenburg 0 - Athletic Club KC 2
BOTTOM OF THE 3RD
Athletic Club KC Reserves batting - Pitching for Ellenburg Fighting Dachsunds : RHP Shihab bin Salim
Batting: RHB Lopahin Davletyarov 0-0: Ball
1-0: Called Strike
1-1: Foul Ball, location: 2F
1-2: Strikes out swinging
Batting: LHB Héctor Galló 0-0: Called Strike
0-1: Ball
1-1: Ball
2-1: Foul Ball, location: 2F
2-2: Foul Ball, location: 2F
2-2: Foul Ball, location: 2F
2-2: Ball
3-2: Foul Ball, location: 2F
3-2: Base on Balls
Batting: RHB Yehonatan Chazan 0-0: Called Strike
0-1: Foul Ball, location: 2F
0-2: Ball
1-2: Ball
2-2: Ball
3-2: Base on Balls
Héctor Galló to second
Batting: RHB Andy Roarick 0-0: Foul Ball, location: 2F
0-1: Ball
1-1: Ball
2-1: Called Strike
2-2: Ball
3-2: Strikes out swinging
Batting: RHB Gabriel Martínez 0-0: Ball
1-0: Foul Ball, location: 2F
1-1: Foul Ball, location: 2F
1-2: Ball
2-2: Foul Ball, location: 2F
2-2: Foul Ball, location: 2F
2-2: Ball
3-2: Foul Ball, location: 2F
3-2: Base on Balls
Héctor Galló to third
Yehonatan Chazan to second
Batting: LHB Kwang-chih Feng 0-0: Called Strike
0-1: Ball
1-1: Foul Ball, location: 2F
1-2: SINGLE (Groundball, 4M, EV 99.4 MPH) (infield hit)
Héctor Galló scores
Yehonatan Chazan to third
Gabriel Martínez to second
Batting: RHB David Martínez 0-0: Called Strike
0-1: Ground out 2-3 (Groundball, 2L, EV 65.6 MPH)
Bottom of the 3rd over - 1 run, 1 hit, 0 errors, 3 left on base; Ellenburg 0 - Athletic Club KC 3
TOP OF THE 4TH
Ellenburg Fighting Dachsunds batting - Pitching for Athletic Club KC Reserves : RHP Jorge Moreno
Batting: RHB Jorge Japón 0-0: Ground out 6-3 (Groundball, 6M, EV 85.0 MPH)
Batting: LHB Louie Shufflebotham 0-0: SINGLE (Groundball, 4MD, EV 103.8 MPH)
Batting: RHB Dean Bush 0-0: Ball
1-0: SINGLE (Line Drive, 4MD, EV 99.4 MPH)
Louie Shufflebotham to second
Batting: SHB Theron Montecalvo 0-0: Called Strike
0-1: Grounds into double play, 6-4-3 (Groundball, 56, EV 90.6 MPH)
Top of the 4th over - 0 runs, 2 hits, 0 errors, 1 left on base; Ellenburg 0 - Athletic Club KC 3
BOTTOM OF THE 4TH
Athletic Club KC Reserves batting - Pitching for Ellenburg Fighting Dachsunds : RHP Shihab bin Salim
Batting: RHB Rodrigo Sousa 0-0: Swinging Strike
0-1: Ball
1-1: Ball
2-1: Called Strike
2-2: Reached on error, E6 (Groundball, 6M, EV 100.0 MPH)
Batting: RHB Shou-xin Quian 0-0: Ball
1-0: Fly out, F4 (Popup, 4, EV 58.1 MPH)
Batting: RHB Lopahin Davletyarov 0-0: Ball
1-0: Ball
2-0: Ball
3-0: Called Strike
3-1: Foul Ball, location: 2F
3-2: Base on Balls
Batting: LHB Héctor Galló 0-0: Ball
1-0: Foul Ball, location: 2F
1-1: Ball
2-1: Foul Ball, location: 2F
2-2: Foul Ball, location: 2F
2-2: Foul Ball, location: 2F
2-2: Foul Ball, location: 2F
2-2: SINGLE (Line Drive, 9S, EV 89.4 MPH)
Rodrigo Sousa to third
Lopahin Davletyarov to second
Runner from 3rd tries for Home, SAFE, no throw by RF
Batting: RHB Yehonatan Chazan 0-0: Ball
1-0: Foul Ball, location: 2F
1-1: Ball
2-1: Ball
3-1: Base on Balls
Lopahin Davletyarov to third
Héctor Galló to second
Pitching: LHP Riley Evans
Batting: RHB Andy Roarick 0-0: DOUBLE (Line Drive, 7LM, EV 103.1 MPH)
Lopahin Davletyarov scores
Héctor Galló scores
Yehonatan Chazan to third
Batting: RHB Gabriel Martínez 0-0: Ball
1-0: Foul Ball, location: 2F
1-1: Ball
2-1: Foul Ball, location: 2F
2-2: Strikes out swinging
Batting: LHB Kwang-chih Feng 0-0: Ball
1-0: SINGLE (Line Drive, 5D, EV 104.4 MPH)
Yehonatan Chazan scores
Andy Roarick to third
Runner from 3rd tries for Home, SAFE, no throw by LF
Batting: RHB David Martínez 0-0: Foul Ball, location: 2F
0-1: Ball
1-1: Called Strike
1-2: Foul Ball, location: 2F
1-2: Ball
2-2: Ball
3-2: Strikes out swinging
Bottom of the 4th over - 5 runs, 3 hits, 1 error, 1 left on base; Ellenburg 0 - Athletic Club KC 8
TOP OF THE 5TH
Ellenburg Fighting Dachsunds batting - Pitching for Athletic Club KC Reserves : RHP Jorge Moreno
Batting: LHB Leslie Small 0-0: Foul Ball, location: 2F
0-1: Ball
1-1: Fly out, F8 (Flyball, 89M, EV 86.9 MPH)
Batting: RHB Leonard Hammond 0-0: Ground out 4-3 (Groundball, 4, EV 105.0 MPH)
Batting: LHB Lowell Evans 0-0: Foul Ball, location: 2F
0-1: Called Strike
0-2: Strikes out swinging
Top of the 5th over - 0 runs, 0 hits, 0 errors, 0 left on base; Ellenburg 0 - Athletic Club KC 8
BOTTOM OF THE 5TH
Athletic Club KC Reserves batting - Pitching for Ellenburg Fighting Dachsunds : LHP Riley Evans
Batting: RHB Rodrigo Sousa 0-0: Called Strike
0-1: Ball
1-1: Ball
2-1: Ground out 6-3 (Groundball, 56D, EV 108.8 MPH)
Batting: RHB Shou-xin Quian 0-0: Ground out U3 (Groundball, 34, EV 78.1 MPH)
Batting: RHB Lopahin Davletyarov 0-0: Ball
1-0: Fly out, F9 (Flyball, 9S, EV 88.1 MPH)
Bottom of the 5th over - 0 runs, 0 hits, 0 errors, 0 left on base; Ellenburg 0 - Athletic Club KC 8
TOP OF THE 6TH
Ellenburg Fighting Dachsunds batting - Pitching for Athletic Club KC Reserves : RHP Jorge Moreno
Batting: LHB Bill O'Halloran 0-0: Called Strike
0-1: Called Strike
0-2: Ball
1-2: Fly out, F9 (Flyball, 9, EV 91.2 MPH)
Batting: LHB Tony Worley 0-0: Ball
1-0: SINGLE (Groundball, 56, EV 100.0 MPH)
Batting: RHB Jorge Japón 0-0: Called Strike
0-1: Ball
1-1: SINGLE (Groundball, 6MD, EV 99.4 MPH)
Tony Worley to second
Batting: LHB Louie Shufflebotham 0-0: Called Strike
0-1: Fly out, F8 (Line Drive, 8RD, EV 85.6 MPH)
Batting: RHB Dean Bush 0-0: Ball
1-0: Fielders Choice at 2nd, 6-4 (Groundball, 6, EV 86.2 MPH)
Top of the 6th over - 0 runs, 2 hits, 0 errors, 2 left on base; Ellenburg 0 - Athletic Club KC 8
BOTTOM OF THE 6TH
Athletic Club KC Reserves batting - Pitching for Ellenburg Fighting Dachsunds : LHP Riley Evans
Batting: LHB Héctor Galló 0-0: Ball
1-0: Swinging Strike
1-1: Foul Ball, location: 2F
1-2: Foul Ball, location: 2F
1-2: Ball
2-2: Ball
3-2: Strikes out looking
Batting: RHB Yehonatan Chazan 0-0: Called Strike
0-1: Ball
1-1: Ball
2-1: Called Strike
2-2: Fly out, F8 (Flyball, 8LD, EV 98.1 MPH)
Batting: RHB Andy Roarick 0-0: Called Strike
0-1: Ball
1-1: Ball
2-1: Ball
3-1: Foul Ball, location: 2F
3-2: Strikes out looking
Bottom of the 6th over - 0 runs, 0 hits, 0 errors, 0 left on base; Ellenburg 0 - Athletic Club KC 8
TOP OF THE 7TH
Ellenburg Fighting Dachsunds batting - Pitching for Athletic Club KC Reserves : RHP Jorge Moreno
Batting: SHB Theron Montecalvo 0-0: Called Strike
0-1: Called Strike
0-2: Ball
1-2: SINGLE (Line Drive, 4M, EV 98.1 MPH)
Pinch Hitting: RHB Peter Heard 0-0: Called Strike
Theron Montecalvo steals 2nd base
0-1: Ball
1-1: Ball
2-1: Ball
3-1: Ground out 6-3 (Groundball, 56, EV 88.1 MPH)
Pinch Hitting: RHB Zhen-bang Kwan 0-0: Ball
1-0: Called Strike
1-1: Ball
2-1: Ball
3-1: Called Strike
3-2: Foul Ball, location: 2F
3-2: Fly out, F9 (Flyball, 9S, EV 88.1 MPH)
Batting: LHB Lowell Evans 0-0: Foul Ball, location: 2F
0-1: Fly out, F8 (Flyball, 89M, EV 88.8 MPH)
Top of the 7th over - 0 runs, 1 hit, 0 errors, 1 left on base; Ellenburg 0 - Athletic Club KC 8
BOTTOM OF THE 7TH
Athletic Club KC Reserves batting - Pitching for Ellenburg Fighting Dachsunds : LHP Riley Evans
Now at SS: Zhen-bang Kwan
Now in RF: Peter Heard
Pinch Hitting: RHB Luis Santana 0-0: Called Strike
0-1: Ball
1-1: Ball
2-1: Swinging Strike
2-2: Ball
3-2: Ground out 5-3 (Groundball, 56S, EV 82.5 MPH)
Pinch Hitting: LHB Oriol Fernández 0-0: Ball
1-0: Ground out U3 (Groundball, 3, EV 106.2 MPH)
Batting: RHB David Martínez 0-0: Ground out 5-3 (Groundball, 56, EV 82.5 MPH)
Bottom of the 7th over - 0 runs, 0 hits, 0 errors, 0 left on base; Ellenburg 0 - Athletic Club KC 8
TOP OF THE 8TH
Ellenburg Fighting Dachsunds batting - Pitching for Athletic Club KC Reserves : RHP Jorge Moreno
Now at 3B: Oriol Fernández
Now in RF: Luis Santana
Batting: LHB Bill O'Halloran 0-0: Foul Ball, location: 2F
0-1: Ball
1-1: Foul Ball, location: 2F
1-2: Ball
2-2: Ground out 6-3 (Groundball, 6S, EV 71.9 MPH)
Batting: LHB Tony Worley 0-0: Ball
1-0: Called Strike
1-1: Ball
2-1: SINGLE (Groundball, 6D, EV 97.5 MPH)
Batting: RHB Jorge Japón 0-0: Ball
1-0: Ball
2-0: Swinging Strike
2-1: Grounds into double play, 5-4-3 (Groundball, 56, EV 105.6 MPH)
Top of the 8th over - 0 runs, 1 hit, 0 errors, 0 left on base; Ellenburg 0 - Athletic Club KC 8
BOTTOM OF THE 8TH
Athletic Club KC Reserves batting - Pitching for Ellenburg Fighting Dachsunds : LHP Riley Evans
Batting: RHB Rodrigo Sousa 0-0: Ball
1-0: Reached on error, E5 (Groundball, 56S, EV 73.1 MPH)
Batting: RHB Shou-xin Quian 0-0: Ball
1-0: Ball
2-0: Ball
3-0: Called Strike
3-1: Foul Ball, location: 2F
3-2: Base on Balls
Rodrigo Sousa to second
Batting: RHB Lopahin Davletyarov 0-0: Foul Ball, location: 2F
0-1: Ball
1-1: Called Strike
1-2: Foul Ball, location: 2F
1-2: Ball
2-2: Fielders Choice at 2nd, 5-4 (Groundball, 56S, EV 81.9 MPH)
Rodrigo Sousa to third
Pitching: LHP Darwin Watson
Pinch Hitting: RHB Wilton Banks 0-0: Called Strike
0-1: Ball
1-1: Ball
2-1: Foul Ball, location: 2F
2-2: Strikes out swinging
Batting: RHB Yehonatan Chazan 0-0: Ball
1-0: Ball
2-0: Ball
3-0: Base on Balls
Lopahin Davletyarov to second
Batting: RHB Andy Roarick 0-0: Foul Ball, location: 2F
0-1: Foul Ball, location: 2F
0-2: Ball
1-2: Strikes out swinging
Bottom of the 8th over - 0 runs, 0 hits, 1 error, 3 left on base; Ellenburg 0 - Athletic Club KC 8
TOP OF THE 9TH
Ellenburg Fighting Dachsunds batting - Pitching for Athletic Club KC Reserves : RHP Jorge Moreno
Now at 1B: Wilton Banks
Batting: LHB Louie Shufflebotham 0-0: Called Strike
0-1: Called Strike
0-2: Strikes out swinging
Batting: RHB Dean Bush 0-0: Ball
1-0: Called Strike
1-1: Ball
2-1: Fly out, F7 (Flyball, 7LD, EV 90.6 MPH)
Batting: SHB Theron Montecalvo 0-0: Called Strike
0-1: Ball
1-1: Foul Ball, location: 2F
1-2: Foul Ball, location: 2F
1-2: Ball
2-2: Fly out, F7 (Line Drive, 7, EV 95.0 MPH)
Top of the 9th over - 0 runs, 0 hits, 0 errors, 0 left on base; Ellenburg 0 - Athletic Club KC 8
Wednesday, July 8th, 2020 - OOTP Baseball 20.8 Build 74